 Dungeon Crawl Stone Soup version 0.22-a0-456-g11ed031617 (webtiles) character file.

3057 RedPan the Conjurer (level 9, 0/74 HPs)
             Began as a Purple Draconian Conjurer on June 6, 2018.
             Was an Initiate of Sif Muna.
             Slain by a sky beast (5 damage)
             ... on level 7 of the Dungeon.
             The game lasted 00:26:21 (10792 turns).

RedPan the Conjurer (Purple Draconian Conjurer)    Turns: 10792, Time: 00:26:21

Health: 0/74       AC: 10    Str: 11    XL:     9   Next: 57%
Magic:  16/16      EV: 15    Int: 18    God:    Sif Muna [......]
Gold:   379        SH:  0    Dex: 12    Spells: 8/18 levels left

rFire    . . .     SeeInvis .   u - +2 dagger (speed)
rCold    + . .     Gourm    .   (no shield)
rNeg     . . .     Faith    .   (armour unavailable)
rPois    .         Spirit   .   (helmet restricted)
rElec    .         Reflect  .   (no cloak)
rCorr    .         Harm     .   d - +1 pair of gloves
MR       +....                  e - +0 pair of boots
Stlth    ++........             (no amulet)
HPRegen  0.22/turn              i - ring of protection from cold
MPRegen  0.15/turn              (no ring)

@: no status effects
A: breathe power, unfitting armour, cold-blooded, AC +7
a: Breathe Dispelling Energy, Renounce Religion


You were on level 7 of the Dungeon.
You worshipped Sif Muna.
Sif Muna was noncommittal.
You were very hungry.

You visited 2 branches of the dungeon, and saw 8 of its levels.
You also visited: Sewer.

You collected 379 gold pieces.

Inventory:

Hand Weapons
 u - a +2 dagger of speed (weapon)
Missiles
 j - 5 javelins (quivered)
Armour
 d - a +1 pair of gloves (worn)
 e - a +0 pair of boots (worn)
Jewellery
 i - a ring of protection from cold (left hand)
Wands
 o - a wand of polymorph (7)
Scrolls
 f - 2 scrolls of remove curse
 h - a scroll of enchant weapon
 k - 2 scrolls of amnesia
 m - a scroll of fog
 n - 2 scrolls of teleportation
 s - 4 scrolls of identify
Potions
 a - 3 potions of brilliance
 c - 5 potions of cancellation
 g - a potion of flight
 p - a potion of berserk rage
Comestibles
 b - 6 rations


   Skills:
 - Level 5.0 Fighting
 + Level 4.3 Short Blades
 + Level 6.2 Dodging
 - Level 3.2 Stealth
 - Level 5.2 Spellcasting
 + Level 7.0 Conjurations
 - Level 5.0 Hexes
 + Level 3.2 Invocations


You had 8 spell levels left.
You knew the following spells:

 Your Spells              Type           Power        Failure   Level  Hunger
a - Magic Dart            Conj           ####         1%          1    None
b - Searing Ray           Conj           ####..       1%          2    #......
c - Dazzling Spray        Conj/Hex       ####..       3%          3    ##.....
d - Fulminant Prism       Conj/Hex       ####......   11%         4    ####...

Your spell library contained the following spells:

 Spells                   Type           Power        Failure   Level  Hunger
 Iskenderun's Mystic Bla  Conj           ####....     7%          4    ####...
 Force Lance              Conj/Tloc      ###.....     30%         4    ####...


Dungeon Overview and Level Annotations

Branches:
Dungeon (7/15)             Temple (1/1) D:6

Altars:
Ashenzari
Cheibriados
Dithmenos
Fedhas
Gozag
Hepliaklqana
Kikubaaqudgha
Makhleb
Nemelex Xobeh
Qazlal
Ru
Sif Muna
Wu Jian
Yredelemnul
Zin
The Shining One


Innate Abilities, Weirdness & Mutations

You can breathe bolts of dispelling energy.
Your rich purple scales are hard. (AC +7)
You cannot fit into any form of body armour.
You are cold-blooded and may be slowed by cold attacks.


Message History

You miss something. Something hits you. Something shocks you.
You miss something. Something hits you. Something shocks you.
You miss something. You hit something. Something hits you.
Something shocks you.
* * * LOW HITPOINT WARNING * * *
You hit something. You miss something. Something hits you.
* * * LOW HITPOINT WARNING * * *
Something shocks you.
* * * LOW HITPOINT WARNING * * *
You hit something but do no damage. You miss something. Something hits you.
* * * LOW HITPOINT WARNING * * *
Something shocks you.
* * * LOW HITPOINT WARNING * * *
You barely miss something.
You feel better. Something hits you.
* * * LOW HITPOINT WARNING * * *
Something shocks you.
You die...

...≈###^.≈.#^^...
...§...^.^§§.....
##.##..........
#..#"...##.....
##.....#####.[..
.###...##..........
#.........####....
.........(####....
....##.{@.........
....##)##(........
........†.(##..#..
....####$# ##
...[.. ... ....##
.#..# .... #.#.#!
... . ..... ..
.#)...


There were no monsters in sight!

Vanquished Creatures
  Grinder (D:3)
  A hippogriff (D:7)
  A water moccasin (D:6)
  2 orc warriors (D:6)
  A phantom (D:7)
  A sky beast (D:6)
  A necrophage (D:6)
  3 ice beasts
  5 centaurs
  2 big kobolds (Sewer)
  2 bullfrogs
  2 scorpions
  2 howler monkeys
  3 crimson imps
  2 orc priests (D:6)
  2 jellies (D:7)
  5 orc wizards
  6 hounds
  Terence (D:3)
  3 iguanas
  4 worker ants
  A hound zombie (D:5)
  A hound skeleton (D:7)
  3 gnolls
  6 adders
  2 oozes
  An adder zombie (D:5)
  5 worms
  5 dart slugs
  2 leopard geckos
  18 orcs
  12 bats
  6 giant cockroaches
  5 goblins
  6 hobgoblins
  10 jackals
  7 quokkas
  4 ball pythons
  4 frilled lizards
  18 kobolds
  6 rats
172 creatures vanquished.

Notes
Turn   | Place    | Note
-------+----------+-------------------------------------------
     0 | D:1      | RedPan the Draconian Conjurer began the quest for the Orb.
     0 | D:1      | Reached XP level 1. HP: 14/14 MP: 3/3
   196 | D:1      | Reached XP level 2. HP: 14/20 MP: 0/5
   566 | D:1      | Learned a level 2 spell: Searing Ray
   999 | D:2      | Reached XP level 3. HP: 22/26 MP: 7/7
  1565 | D:2      | Noticed a centaur
  1585 | D:2      | Killed a centaur
  1585 | D:2      | Reached skill level 5 in Conjurations
  1585 | D:2      | Reached XP level 4. HP: 8/33 MP: 2/9
  1818 | D:2      | Reached XP level 5. HP: 38/38 MP: 7/10
  1843 | D:2      | Found a hazy altar of Hepliaklqana.
  2432 | D:3      | Learned a level 3 spell: Dazzling Spray
  2614 | D:3      | Found a glowing drain.
  2699 | Sewer    | Entered a sewer
  2991 | Sewer    | Reached skill level 1 in Fighting
  2998 | Sewer    | Reached skill level 1 in Hexes
  2998 | Sewer    | Reached XP level 6. HP: 27/48 MP: 3/12
  3484 | D:3      | Noticed Terence
  3508 | D:3      | Killed Terence
  3617 | D:3      | Noticed Grinder
  3620 | D:3      | Paralysed by Grinder for 6 turns
  3639 | D:3      | Killed Grinder
  3639 | D:3      | Reached skill level 6 in Conjurations
  3639 | D:3      | Your scales start taking on a rich purple colour.
  3639 | D:3      | Reached XP level 7. HP: 53/56 MP: 12/14
  3971 | D:3      | Found a glowing golden altar of the Shining One.
  4164 | D:4      | Reached skill level 5 in Spellcasting
  5415 | D:5      | Entered Level 5 of the Dungeon
  5450 | D:5      | Found a shattered altar of Ashenzari.
  6044 | D:5      | Found an opulent altar of Gozag.
  6061 | D:5      | Reached skill level 1 in Short Blades
  6061 | D:5      | Reached XP level 8. HP: 63/63 MP: 9/15
  6581 | D:5      | Found a shadowy altar of Dithmenos.
  6810 | D:5      | Reached skill level 5 in Dodging
  6891 | D:5      | Learned a level 4 spell: Fulminant Prism
  7033 | D:6      | Found a glowing golden altar of the Shining One.
  7335 | D:6      | Found a staircase to the Ecumenical Temple.
  7461 | D:6      | Reached skill level 5 in Hexes
  8042 | Temple   | Entered the Ecumenical Temple
  8222 | Temple   | Became a worshipper of Sif Muna the Loreminder
  8578 | D:6      | Reached XP level 9. HP: 54/72 MP: 5/16
  9118 | D:6      | Reached skill level 5 in Fighting
  9118 | D:6      | Reached skill level 1 in Invocations
 10373 | D:7      | Found a stormy altar of Qazlal.
 10649 | D:7      | Reached skill level 7 in Conjurations
 10790 | D:7      | HP: 2/74 [something (6)]
 10792 | D:7      | Slain by a sky beast

Vault maps used:
D:1:      erik_arrival_triangle_large
D:2:      nicolae_overflow_crystal_walls
D:3:      tso_altar, cheibrodos_sewer_entry_drain, st_stairs_3, uniq_grinder,
          uniq_terence
D:4:      first_ration
D:5:      cheibrodos_ashenzari_chains, nicolae_dithmenos_through_a_glass_darkly,
          basic_altar
D:6:      minmay_temple_entry_statues_pillars, basic_altar,
          corexii_hall_statues_s
D:7:      grunt_qazlal_sundering, kennysheep_mini, vehumet_crystals,
          serial_shops, shop_statue, nicolae_shop_stone, shop,
          nicolae_shop_stone
Temple:   jpeg_temple_alley_garden
Sewer:    kennysheep_pipe_town

Skill      XL: |  1  2  3  4  5  6  7  8  9 |
---------------+----------------------------+-----
Spellcasting   | 3 4 5 |  5.2
Conjurations   | 5 6 7 |  7.0
Fighting       | 1 2 3 4 5 |  5.0
Dodging        | 2 3 4 5 6 |  6.2
Hexes          | 1 2 3 5 |  5.0
Short Blades   | 1 3 4 |  4.3
Stealth        | 3 |  3.2
Invocations    | 3 |  3.2

Action                   |  1- 3 |  4- 6 |  7- 9 || total
-------------------------+-------+-------+-------++-------
Melee: Hand axe          |     6 |       |       ||     6
       Spear             |    25 |    46 |    29 ||   100
       Tailslap          |     3 |     2 |    25 ||    30
       Unarmed           |       |     9 |       ||     9
       Dagger            |       |       |   210 ||   210
       Whip              |       |       |     6 ||     6
 Cast: Magic Dart        |    64 |   105 |   358 ||   527
       Searing Ray       |     2 |       |    32 ||    34
       Dazzling Spray    |       |     1 |     1 ||     2
 Abil: Breathe Dispellin |       |       |     1 ||     1
Evoke: Wand              |       |       |     3 ||     3
  Use: Scroll            |     3 |     8 |     6 ||    17
       Potion            |     1 |     3 |    14 ||    18
 Stab: Sleeping          |     1 |       |       ||     1
       Confused          |       |     3 |       ||     3
  Eat: Chunk             |     2 |     7 |    18 ||    27
       Ration            |       |       |     1 ||     1
Armor: Skin              |    10 |    31 |   131 ||   172
Dodge: Dodged            |    29 |    62 |   257 ||   348

Table legend:
 A = Spawn XP
 B = Non-spawn XP
 C = Spawn XP percentage of total XP
 D = Spawn monster count
 E = Non-spawn monster count
 F = Spawn count percentage of total count
 G = Total turns spent on level
                    A         B        C        D         E        F      G
               +---------+---------+-------+---------+---------+-------+---------
         Total |       0 |    4368 |   0.0 |       0 |     172 |   0.0 | 10792
               +---------+---------+-------+---------+---------+-------+---------
           D:1 |       0 |      38 |   0.0 |       0 |      17 |   0.0 |   989
           D:2 |       0 |     171 |   0.0 |       0 |      22 |   0.0 |  1465
           D:3 |       0 |     462 |   0.0 |       0 |      27 |   0.0 |   995
           D:4 |       0 |     315 |   0.0 |       0 |      18 |   0.0 |  1259
           D:5 |       0 |     741 |   0.0 |       0 |      20 |   0.0 |  1566
           D:6 |       0 |    1763 |   0.0 |       0 |      34 |   0.0 |  3393
           D:7 |       0 |     624 |   0.0 |       0 |      10 |   0.0 |   208
         Sewer |       0 |     254 |   0.0 |       0 |      24 |   0.0 |   707
               +---------+---------+-------+---------+---------+-------+---------
